cohdb
Replays
Latest Replays
All Replays
Popular Replays
Top Player Replays
Match Explorer
How It Works
Community
CoH3 Stats
Reddit
Sign in to upload your games and track your stats! →
Sign in with Steam
Match 41607153
Unlisted
Match 41607153
Overview
Messages
Build Orders
End
Construct Section Command Post
Infantry Section
Selects Air and Sea Battlegroup
Selects Air and Sea Battlegroup
ML 3-inch Mortar Team
Infantry Section
Vickers Machine Gun Team
Construct Field Infirmary
Construct Platoon Command Post
6-pounder Anti-tank Gun Team
Selects Commando Section Paradrop
Selects Commando Support Section Paradrop
Commando Support Section Paradrop
Unlock M3 Stuart Light Tanks
M3 Stuart Light Tank
Infantry Training
Grenade Package
Royal Engineer Section
Construct Company Command Post
Selects Incendiary Bombing Run
Matilda II Heavy Tank
Crusader II Medium Tank
Selects Supply Surplus
Construct Resource Cache
Construct Resource Cache
Armored Vehicle Training
Dr. Jekyll
PutPut-AusarTheVile
DangerouslyDumb
Right Click God
0
0
Comments
sign in to comment!
No comments posted yet!